Map: Eternal Empire LE

Players

MaxPax - Winner!

  • Race: Protoss Protoss
  • League: Master
  • Spawn Location: 1:00

BratOK (Brat_OK)

  • Race: Terran Terran
  • League: Master
  • Spawn Location: 7:00

VOD

Have the link to the VOD?

Description

Time

  • Played on: April 9, 2020, 3:24 p.m.
  • Length: 7:08
Show
View Real Time Build Order
Export as new Build Order

MaxPax Protoss - Winner!

Build Orders: Zealot Archon, Archon Drop, Dark Templar Rush 

Get SALT Encoding   

  12  0:00  Probe  
  13  0:13  Probe  
  14  0:18  Pylon  
  14  0:25  Probe  
  15  0:37  Probe (Chrono Boost), Gateway  
  16  0:47  Assimilator  
  16  0:48  Probe (Chrono Boost)  
  17  0:52  Probe (Chrono Boost)  
  17  0:55  Assimilator  
  18  1:03  Probe  
  19  1:15  Probe  
  20  1:24  Cybernetics Core  
  20  1:27  Pylon  
  20  1:28  Probe  
  21  1:40  Probe  
  22  1:53  Probe  
  23  2:01  Stalker, Twilight Council  
  25  2:02  Warp Gate  
  25  2:27  Nexus  
  25  2:38  Robotics Facility  
  24  2:51  Dark Shrine  
  24  2:53  Probe  
  25  3:04  Gateway  
  25  3:15  Gateway  
  25  3:29  Warp Prism (Chrono Boost)  
  25  3:34  Probe  
  28  3:43  Probe (Chrono Boost)  
  28  3:46  Probe (Chrono Boost)  
  32  3:57  Probe (Chrono Boost)  
  32  3:59  Probe (Chrono Boost)  
  32  4:07  Probe  
  32  4:08  Dark Templar x2  
  37  4:13  Dark Templar  
  37  4:16  Probe  
  40  4:20  Probe  
  41  4:28  Probe  
  40  4:32  Probe  
  39  4:40  Probe  
  39  4:44  Dark Templar x2  
  44  4:46  Probe  
  46  4:52  Probe  
  46  5:07  Pylon x2  
  46  5:09  Charge (Chrono Boost)  
  46  5:20  Gateway x2  
  46  5:21  Probe x2  
  46  5:22  Immortal (Chrono Boost)  
  46  5:24  Pylon  
  50  5:33  Probe x2  
  52  5:44  Archon  
  52  5:47  Zealot x3  
  59  5:51  Warp Prism (Chrono Boost)  
  60  6:00  Gateway  
  60  6:02  Gateway  
  60  6:07  Dark Templar, Sentry, Zealot  
  66  6:13  Pylon  
  66  6:19  Pylon, Archon  
  66  6:20  Pylon  
  67  6:25  Observer  
  67  6:34  Zealot x4  
  75  6:42  Dark Templar  
  59  6:58  Zealot x4  
Show
View Real Time Build Order
Export as new Build Order

BratOK Terran 

Build Orders: Reaper Expand 

Get SALT Encoding   

  12  0:00  SCV  
  13  0:12  SCV  
  14  0:17  Supply Depot  
  14  0:24  SCV  
  15  0:39  Barracks, SCV  
  16  0:43  Refinery  
  16  0:51  SCV  
  17  1:03  SCV  
  18  1:18  SCV  
  19  1:26  Reaper  
  19  1:30  Orbital Command  
  20  1:47  Bunker  
  20  1:51  Command Center  
  20  2:01  SCV  
  20  2:03  Marine  
  22  2:10  Factory  
  22  2:16  Supply Depot  
  22  2:20  SCV  
  23  2:27  Barracks Reactor  
  23  2:31  Refinery  
  23  2:37  SCV  
  23  2:49  SCV  
  23  2:56  Widow Mine  
  25  3:02  Starport  
  25  3:03  Orbital Command  
  25  3:05  SCV  
  26  3:11  Marine x2  
  28  3:17  Factory Tech Lab  
  28  3:19  SCV  
  29  3:29  Marine x2  
  31  3:37  Cyclone  
  34  3:43  Medivac  
  34  3:45  Supply Depot  
  37  3:48  SCV x2  
  37  3:50  Marine x2  
  40  4:00  Engineering Bay  
  40  4:05  Orbital Command  
  40  4:07  SCV  
  40  4:08  Marine x2  
  43  4:10  Siege Tank  
  46  4:25  Marine x2  
  46  4:27  Missile Turret  
  46  4:36  Missile Turret  
  46  4:37  SCV x2  
  44  4:43  Missile Turret  
  44  4:49  SCV x2  
  45  4:57  Missile Turret  
  44  5:01  SCV  
  42  5:16  Marine  
  42  5:17  Marine  
  44  5:23  SCV x2  
  45  5:35  Siege Tank, Marine, SCV  
  49  5:36  SCV  
  50  5:44  Missile Turret  
  50  5:52  SCV  
  50  5:53  SCV  
  52  5:58  Supply Depot  
  52  6:04  SCV  
  52  6:05  SCV  
  54  6:21  Supply Depot  
  54  6:24  SCV x2  
  56  6:27  Marine  
  56  6:28  Widow Mine  
  56  6:29  Widow Mine  
  61  6:35  Bunker  
  61  6:36  SCV  
  62  6:43  SCV  
  62  6:44  Supply Depot  
  62  6:47  Marine  
  62  6:48  SCV  
Tags
 
Add a new tag
Caveats
  • Supply blocks, unpowered buildings, or Contaminate may cause inaccurate times.
  • Supply counts are checked every 10 seconds.